BSA
JERSEY SHORE D-BAGS @ MAUI TROPICS
09/16/2028
 
TOP OF THE 1ST
Jersey Shore D-Bags batting - Pitching for Maui Tropics : LHP Jerry Martin
Pitching: LHP Jerry Martin
Batting: RHB Ricardo González 0-0: Called Strike
0-1: Foul Ball, location: 2F
0-2: Ball
1-2: Fly out, F9 (Flyball, 9S)
Batting: RHB Millard Boyd 0-0: Called Strike
0-1: Foul Ball, location: 2F
0-2: Ground out 2-3 (Groundball, 2L)
Batting: LHB Dave Dodd 0-0: Called Strike
0-1: Ball
1-1: Ball
2-1: Foul Ball, location: 2F
2-2: Ground out 5-3 (Groundball, 56S)
Top of the 1st over - 0 run(s), 0 hit(s), 0 error(s), 0 left on base; Jersey Shore 0 - Maui 0
BOTTOM OF THE 1ST
Maui Tropics batting - Pitching for Jersey Shore D-Bags : RHP Bob Moss
Pitching: RHP Bob Moss
Batting: LHB Mike Pearson 0-0: Ball
1-0: Called Strike
1-1: Called Strike
1-2: Ball
2-2: SINGLE (Groundball, 34D)
Batting: RHB Matt Silver 0-0: Ball
1-0: Ball
2-0: Fly out, F7 (Flyball, 78S)
Batting: RHB Luis Alou 0-0: Ball
1-0: Ball
2-0: Ball
3-0: Called Strike
3-1: Foul Ball, location: 2F
3-2: Strikes out swinging
Batting: RHB José Herrera 0-0: Ball
1-0: Called Strike
1-1: Foul Ball, location: 2F
1-2: DOUBLE (Groundball, 5L)
Mike Pearson to third
Runner from 3rd tries for Home, SAFE, no throw
Batting: LHB Luis Antonio Torres 0-0: Ball
1-0: Foul Ball, location: 2F
1-1: Ground out 4-3 (Groundball, 4S)
Bottom of the 1st over - 1 run(s), 2 hit(s), 0 error(s), 1 left on base; Jersey Shore 0 - Maui 1
TOP OF THE 2ND
Jersey Shore D-Bags batting - Pitching for Maui Tropics : LHP Jerry Martin
Batting: RHB Miguel Serna 0-0: Fly out, F3 (Popup, 3D)
Batting: RHB Ben Morton 0-0: Fly out, F8 (Flyball, 8LS)
Batting: LHB António Cedeño 0-0: Ball
1-0: Reached on error, E3 (Groundball, 34S)
Batting: LHB Pat Zimmerman 0-0: Swinging Strike
0-1: Ball
1-1: DOUBLE (Line Drive, 9LM)
António Cedeño to third
Runner from 3rd tries for Home, SAFE, no throw
Batting: RHB Luis Ríos 0-0: SINGLE (Groundball, 34D)
Pat Zimmerman to third
Runner from 3rd tries for Home, SAFE, no throw
Batting: LHB Juan Hernández 0-0: Ball
1-0: Ball
2-0: Called Strike
2-1: Swinging Strike
2-2: Ball
3-2: Foul Ball, location: 2F
3-2: Ground out 4-3 (Groundball, 4)
Top of the 2nd over - 2 run(s), 2 hit(s), 1 error(s), 1 left on base; Jersey Shore 2 - Maui 1
BOTTOM OF THE 2ND
Maui Tropics batting - Pitching for Jersey Shore D-Bags : RHP Bob Moss
Batting: RHB Michael Woodruff 0-0: Ball
1-0: Foul Ball, location: 2F
1-1: Swinging Strike
1-2: Strikes out looking
Batting: LHB José Rivas 0-0: Ball
1-0: Fly out, F7 (Flyball, 7S)
Batting: LHB Mario Olivares 0-0: Ball
1-0: Called Strike
1-1: Ball
2-1: Foul Ball, location: 2F
2-2: Ground out 5-3 (Groundball, 25)
Bottom of the 2nd over - 0 run(s), 0 hit(s), 0 error(s), 0 left on base; Jersey Shore 2 - Maui 1
TOP OF THE 3RD
Jersey Shore D-Bags batting - Pitching for Maui Tropics : LHP Jerry Martin
Batting: RHB Ricardo González 0-0: Ground out 6-3 (Groundball, 6)
Batting: RHB Millard Boyd 0-0: Ball
1-0: Ball
2-0: DOUBLE (Groundball, 5L)
Batting: LHB Dave Dodd 0-0: Ball
1-0: Called Strike
1-1: Ball
2-1: Called Strike
2-2: SINGLE (Groundball, 4MD)
Millard Boyd to third
Throwing error, E8
Millard Boyd scores
Dave Dodd to second
Batting: RHB Miguel Serna 0-0: Ball
1-0: Ball
2-0: Ball
3-0: Called Strike
3-1: Foul Ball, location: 2F
3-2: Foul Ball, location: 2F
3-2: Foul Ball, location: 2F
3-2: Strikes out swinging
Batting: RHB Ben Morton 0-0: Called Strike
0-1: Ball
1-1: Ball
2-1: Ball
3-1: Fly out, F7 (Flyball, 78D)
Top of the 3rd over - 1 run(s), 2 hit(s), 1 error(s), 1 left on base; Jersey Shore 3 - Maui 1
BOTTOM OF THE 3RD
Maui Tropics batting - Pitching for Jersey Shore D-Bags : RHP Bob Moss
Batting: RHB John Brown 0-0: Ball
1-0: Called Strike
1-1: Ball
2-1: Ball
3-1: Foul Ball, location: 2F
3-2: Strikes out looking
Batting: LHB Mike Pearson 0-0: Called Strike
0-1: Foul Ball, location: 2F
0-2: Foul Ball, location: 2F
0-2: Strikes out looking
Batting: RHB Matt Silver 0-0: Bunt missed!
0-1: SINGLE (Groundball, 56D)
Batting: RHB Luis Alou 0-0: Called Strike
0-1: Ball
1-1: Fly out, F9 (Flyball, 9LMF)
Bottom of the 3rd over - 0 run(s), 1 hit(s), 0 error(s), 1 left on base; Jersey Shore 3 - Maui 1
TOP OF THE 4TH
Jersey Shore D-Bags batting - Pitching for Maui Tropics : LHP Jerry Martin
Batting: LHB António Cedeño 0-0: Called Strike
0-1: Ground out 4-3 (Groundball, 4)
Batting: LHB Pat Zimmerman 0-0: Ball
1-0: Called Strike
1-1: Foul Ball, location: 2F
1-2: Ball
2-2: Ball
3-2: Foul Ball, location: 2F
3-2: Strikes out swinging
Batting: RHB Luis Ríos 0-0: Called Strike
0-1: SOLO HOME RUN (Flyball, 78XD), Distance : 378 ft
Batting: LHB Juan Hernández 0-0: Ball
1-0: SINGLE (Line Drive, 78M)
Batting: RHB Ricardo González 0-0: Ball
1-0: Ball
2-0: Ball
3-0: Called Strike
3-1: Base on Balls
Juan Hernández to second
Batting: RHB Millard Boyd 0-0: Called Strike
0-1: Ball
1-1: Ball
2-1: Called Strike
2-2: Fielders Choice at 2nd, 6-4 (Groundball, 6)
Top of the 4th over - 1 run(s), 2 hit(s), 0 error(s), 1 left on base; Jersey Shore 4 - Maui 1
BOTTOM OF THE 4TH
Maui Tropics batting - Pitching for Jersey Shore D-Bags : RHP Bob Moss
Batting: RHB José Herrera 0-0: Called Strike
0-1: Swinging Strike
0-2: Foul Ball, location: 2F
0-2: Strikes out looking
Batting: LHB Luis Antonio Torres 0-0: DOUBLE (Line Drive, 8RXD)
Batting: RHB Michael Woodruff 0-0: Ball
1-0: Called Strike
1-1: Ball
2-1: Ball
3-1: Called Strike
3-2: Base on Balls
Batting: LHB José Rivas 0-0: Ball
1-0: Foul Ball, location: 2F
1-1: Ball
2-1: Ball
3-1: Fly out, F8 (Flyball, 8LM)
Batting: LHB Mario Olivares 0-0: Ball
1-0: Ball
2-0: Called Strike
2-1: Ball
3-1: Base on Balls
Luis Antonio Torres to third
Michael Woodruff to second
Batting: RHB John Brown 0-0: Called Strike
0-1: Called Strike
0-2: Ball
1-2: Ball
2-2: Fielders Choice at 2nd, 6-4 (Groundball, 6)
Bottom of the 4th over - 0 run(s), 1 hit(s), 0 error(s), 2 left on base; Jersey Shore 4 - Maui 1
TOP OF THE 5TH
Jersey Shore D-Bags batting - Pitching for Maui Tropics : LHP Jerry Martin
Batting: LHB Dave Dodd 0-0: Ball
1-0: Ground out 6-3 (Groundball, 6)
Batting: RHB Miguel Serna 0-0: Called Strike
0-1: DOUBLE (Line Drive, 9D)
Batting: RHB Ben Morton 0-0: Intentional Walk
Batting: LHB António Cedeño 0-0: Ball
1-0: Foul Ball, location: 2F
1-1: Called Strike
1-2: Ball
2-2: Foul Ball, location: 2F
2-2: Strikes out swinging
Batting: LHB Pat Zimmerman 0-0: Called Strike
0-1: Ball
1-1: Foul Ball, location: 2F
1-2: DOUBLE (Flyball, 8RXD)
Miguel Serna scores
Ben Morton to third
Runner from 3rd tries for Home, SAFE, no throw
Pitching: RHP Brandon Mitchell
Batting: RHB Luis Ríos 0-0: Ball
1-0: Foul Ball, location: 2F
1-1: Foul Ball, location: 2F
1-2: DOUBLE (Groundball, 5L)
Pat Zimmerman scores
Pinch Runner at 2nd Javier Deleón:
Batting: LHB Juan Hernández 0-0: Foul Ball, location: 2F
0-1: Ground out U3 (Groundball, 3L)
Top of the 5th over - 3 run(s), 3 hit(s), 0 error(s), 1 left on base; Jersey Shore 7 - Maui 1
BOTTOM OF THE 5TH
Maui Tropics batting - Pitching for Jersey Shore D-Bags : RHP Bob Moss
Now at C: Javier Deleón
Batting: LHB Mike Pearson 0-0: Called Strike
0-1: Ball
1-1: Foul Ball, location: 2F
1-2: Fly out, F4 (Line Drive, 4)
Batting: RHB Matt Silver 0-0: Ball
1-0: Ball
2-0: Ground out 6-3 (Groundball, 6)
Batting: RHB Luis Alou 0-0: SINGLE (Groundball, 34D)
Batting: RHB José Herrera 0-0: Ball
1-0: Called Strike
1-1: Ball
2-1: Called Strike
2-2: Ball
3-2: Foul Ball, location: 2F
3-2: Ground out 4-3 (Groundball, 4)
Bottom of the 5th over - 0 run(s), 1 hit(s), 0 error(s), 1 left on base; Jersey Shore 7 - Maui 1
TOP OF THE 6TH
Jersey Shore D-Bags batting - Pitching for Maui Tropics : RHP Brandon Mitchell
Batting: RHB Ricardo González 0-0: Ball
1-0: Ball
2-0: Ball
3-0: Base on Balls
Batting: RHB Millard Boyd 0-0: Called Strike
0-1: Fly out, F9 (Line Drive, 9)
Batting: LHB Dave Dodd 0-0: Ball
1-0: Called Strike
1-1: Foul Ball, location: 2F
1-2: Ball
2-2: Foul Ball, location: 2F
2-2: Ball
3-2: Foul Ball, location: 2F
3-2: Strikes out looking
Ricardo González steals 2nd base
Batter strikes out.
Batting: RHB Miguel Serna 0-0: Ball
1-0: Ball
2-0: SINGLE (Line Drive, 89S)
Ricardo González to third
Runner from 3rd tries for Home, throw and OUT!
Top of the 6th over - 0 run(s), 1 hit(s), 0 error(s), 1 left on base; Jersey Shore 7 - Maui 1
BOTTOM OF THE 6TH
Maui Tropics batting - Pitching for Jersey Shore D-Bags : RHP Bob Moss
Batting: LHB Luis Antonio Torres 0-0: Ground out 5-3 (Groundball, 5S)
Batting: RHB Michael Woodruff 0-0: Fly out, F5 (Popup, 5L)
Batting: LHB José Rivas 0-0: Ball
1-0: Ground out 4-3 (Groundball, 4)
Bottom of the 6th over - 0 run(s), 0 hit(s), 0 error(s), 0 left on base; Jersey Shore 7 - Maui 1
TOP OF THE 7TH
Jersey Shore D-Bags batting - Pitching for Maui Tropics : RHP Brandon Mitchell
Batting: RHB Ben Morton 0-0: Swinging Strike
0-1: Called Strike
0-2: SINGLE (Groundball, 5S) (infield hit)
Batting: LHB António Cedeño 0-0: Called Strike
0-1: Foul Ball, location: 2F
0-2: Ball
1-2: Ball
2-2: Fielders Choice at 2nd, 3-6 (Groundball, 3)
Batting: LHB Pat Zimmerman 0-0: Ball
1-0: Ball
2-0: Called Strike
2-1: Ball
3-1: Grounds into double play, 6-4-3 (Groundball, 6)
Top of the 7th over - 0 run(s), 1 hit(s), 0 error(s), 0 left on base; Jersey Shore 7 - Maui 1
BOTTOM OF THE 7TH
Maui Tropics batting - Pitching for Jersey Shore D-Bags : RHP Bob Moss
Now at 1B: Marcos Villarreal
Batting: LHB Mario Olivares 0-0: SOLO HOME RUN (Line Drive, 78XD), Distance : 406 ft
Batting: RHB John Brown 0-0: Ball
1-0: Ball
2-0: Fly out, F6 (Flyball, 6D)
Batting: LHB Mike Pearson 0-0: Ball
1-0: Fly out, F3 (Popup, 3S)
Batting: RHB Matt Silver 0-0: Called Strike
0-1: Swinging Strike
0-2: Ball
1-2: Strikes out swinging
Bottom of the 7th over - 1 run(s), 1 hit(s), 0 error(s), 0 left on base; Jersey Shore 7 - Maui 2
TOP OF THE 8TH
Jersey Shore D-Bags batting - Pitching for Maui Tropics : RHP Brandon Mitchell
Batting: RHB Javier Deleón 0-0: Ball
1-0: Foul Ball, location: 2F
1-1: Fly out, F8 (Flyball, 8RM)
Batting: LHB Juan Hernández 0-0: Ball
1-0: Ball
2-0: Ball
3-0: Called Strike
3-1: Ground out U3 (Groundball, 3L)
Batting: RHB Ricardo González 0-0: Ball
1-0: Swinging Strike
1-1: Ground out 5-3 (Groundball, 56)
Top of the 8th over - 0 run(s), 0 hit(s), 0 error(s), 0 left on base; Jersey Shore 7 - Maui 2
BOTTOM OF THE 8TH
Maui Tropics batting - Pitching for Jersey Shore D-Bags : RHP Bob Moss
Batting: RHB Luis Alou 0-0: Called Strike
0-1: Ball
1-1: Ball
2-1: SINGLE (Line Drive, 7LS)
Batting: RHB José Herrera 0-0: Ball
1-0: Swinging Strike
1-1: Foul Ball, location: 2F
1-2: Ball
2-2: Foul Ball, location: 2F
2-2: Strikes out swinging
Pitching: LHP Hyo-chin Kim
Batting: LHB Luis Antonio Torres 0-0: Ball
1-0: Ball
2-0: Called Strike
2-1: SINGLE (Groundball, 6MD)
Luis Alou to second
Batting: RHB Michael Woodruff 0-0: Called Strike
0-1: Ball
1-1: Swinging Strike
1-2: DOUBLE (Groundball, 3L)
Luis Alou scores
Luis Antonio Torres to third
Runner from 3rd tries for Home, SAFE, throw made home
Batting: LHB José Rivas 0-0: Called Strike
0-1: Foul Ball, location: 2F
0-2: Ball
1-2: Foul Ball, location: 2F
1-2: Strikes out looking
Batting: LHB Mario Olivares 0-0: Ball
1-0: Ground out U3 (Groundball, 34)
Bottom of the 8th over - 2 run(s), 3 hit(s), 0 error(s), 1 left on base; Jersey Shore 7 - Maui 4
TOP OF THE 9TH
Jersey Shore D-Bags batting - Pitching for Maui Tropics : RHP Brandon Mitchell
Pitching: RHP Juan González
Batting: RHB Millard Boyd 0-0: Swinging Strike
0-1: Ball
1-1: Swinging Strike
1-2: Ball
2-2: Ball
3-2: Base on Balls
Batting: LHB Dave Dodd 0-0: Ball
1-0: Fly out, F9 (Flyball, 9S)
Batting: RHB Miguel Serna 0-0: Ball
1-0: Fly out, F8 (Flyball, 8LM)
Batting: RHB Ben Morton 0-0: Called Strike
0-1: Ball
1-1: Called Strike
1-2: Strikes out looking
Top of the 9th over - 0 run(s), 0 hit(s), 0 error(s), 1 left on base; Jersey Shore 7 - Maui 4
BOTTOM OF THE 9TH
Maui Tropics batting - Pitching for Jersey Shore D-Bags : LHP Hyo-chin Kim
Pitching: LHP Gerald Johnson
Batting: RHB John Brown 0-0: Ball
1-0: Ball
2-0: Foul Ball, location: 2F
2-1: Ground out 6-3 (Groundball, 6)
Batting: LHB Mike Pearson 0-0: Called Strike
0-1: Called Strike
0-2: Ball
1-2: Strikes out swinging
Batting: RHB Matt Silver 0-0: Ball
1-0: Ground out 6-3 (Groundball, 6)
Bottom of the 9th over - 0 run(s), 0 hit(s), 0 error(s), 0 left on base; Jersey Shore 7 - Maui 4
Tuesday, August 8th, 2017 - OOTP Baseball 17.12 Build 75